 Dungeon Crawl Stone Soup version 0.21.0-3-g78d12a8 (webtiles) character file.

170 raph the Spear-Bearer (level 5, -3/38 HPs)
             Began as a Merfolk Gladiator on Jan 11, 2018.
             Slain by a two-headed ogre
             ... wielding a +0 giant club
              (17 damage)
             ... on level 3 of the Dungeon.
             The game lasted 00:03:46 (2003 turns).

raph the Spear-Bearer (Merfolk Gladiator)           Turns: 2003, Time: 00:03:47

Health: -3/38      AC:  7    Str: 14    XL:     5   Next: 50%
Magic:  5/5        EV: 13    Int:  7    God:
Gold:   77         SH:  0    Dex: 17    Spells: 4/4 levels left

rFire    + . .     SeeInvis .   k - +0 spear (freeze)
rCold    . . .     Gourm    .   (no shield)
rNeg     . . .     Faith    .   h - +0 ring mail
rPois    .         Spirit   .   c - +0 helmet
rElec    .         Reflect  .   (no cloak)
rCorr    .         Harm     .   (no gloves)
MR       .....                  o - +0 pair of boots
Stlth    +.........             (no amulet)
HPRegen  0.12/turn              n - ring of protection from fire
MPRegen  0.09/turn              p - ring of flight

@: no status effects
A: change form in water, swift swim, stealthy swim
a: Evoke Flight


You were on level 3 of the Dungeon.
You were not hungry.

You visited 1 branch of the dungeon, and saw 3 of its levels.

You collected 77 gold pieces.

Inventory:

Hand Weapons
 a - a +0 trident
 k - a +0 spear of freezing (weapon)
Missiles
 d - 2 throwing nets (quivered)
Armour
 b - a +0 leather armour
 c - a +0 helmet (worn)
 e - a +0 chain mail
 h - a +0 ring mail (worn)
 o - a +0 pair of boots (worn)
Jewellery
 n - a ring of protection from fire (left hand)
 p - a ring of flight (right hand)
Scrolls
 g - 4 scrolls of teleportation {unknown}
 i - a scroll of random uselessness {unknown}
 j - 2 scrolls of amnesia {unknown}
 l - 2 scrolls of identify {unknown}
 t - a scroll of enchant weapon {unknown}
Potions
 m - a potion of flight {unknown}
 r - a potion of invisibility {unknown}
 s - a potion of heal wounds {unknown}
Comestibles
 f - 4 rations


   Skills:
 - Level 2.1 Fighting
 * Level 8.7 Polearms
 - Level 2.0 Throwing
 - Level 4.0 Dodging


You had 4 spell levels left.
You didn't know any spells.

Dungeon Overview and Level Annotations

Branches:
Dungeon (3/15)

Altars:


Message History

The two-headed ogre is severely wounded.
The two-headed ogre barely misses you. x2
You hit the two-headed ogre but do no damage.
The two-headed ogre is severely wounded.
You hit the two-headed ogre. You freeze the two-headed ogre.
The two-headed ogre is severely wounded.
The two-headed ogre hits you with a giant club!
The two-headed ogre hits you with a giant spiked club.
You barely miss the two-headed ogre.
The two-headed ogre is severely wounded.
There is an open door here.
You hit the two-headed ogre but do no damage.
The two-headed ogre is severely wounded.
The two-headed ogre barely misses you. x2
You closely miss the two-headed ogre.
The two-headed ogre is severely wounded.
You hit the two-headed ogre. You freeze the two-headed ogre.
The two-headed ogre is almost dead.
The two-headed ogre hits you with a giant club!
You die...

#.................# #..#
#.#.#####...........# #..#
#.#.....#.......)...###..###
#.#.....####'#####..†.......
#.#.....# #.......########.
.####.......###################.
........>........................
#.####..........#################
.. #..<.......@O...#
#.####..........####.#
.....'..........# #
##.###..........#
#..#.......##### #.#.......#
#.#.).....# #)#.......#
#.........#


You could see a two-headed ogre.

Vanquished Creatures
  3 orc wizards (D:3)
  2 adders
  3 oozes
  3 worms (D:2)
  2 dart slugs
  3 leopard geckos
  A giant cockroach (D:2)
  8 hobgoblins
  2 jackals (D:1)
  A quokka (D:2)
  7 bats
  A frilled lizard (D:3)
  9 goblins
  7 kobolds
  6 rats
58 creatures vanquished.

Vanquished Creatures (others)
  An orc (D:3)
1 creature vanquished.

Grand Total: 59 creatures vanquished

Notes
Turn   | Place    | Note
-------+----------+-------------------------------------------
     0 | D:1      | raph the Merfolk Gladiator began the quest for the Orb.
     0 | D:1      | Reached XP level 1. HP: 16/16 MP: 1/1
   120 | D:1      | Reached skill level 5 in Polearms
   120 | D:1      | Reached XP level 2. HP: 13/22 MP: 2/2
   376 | D:1      | Reached skill level 6 in Polearms
   376 | D:1      | Reached XP level 3. HP: 21/27 MP: 3/3
  1181 | D:2      | Reached skill level 7 in Polearms
  1181 | D:2      | Reached XP level 4. HP: 33/33 MP: 4/4
  1712 | D:3      | Reached skill level 8 in Polearms
  1712 | D:3      | Reached XP level 5. HP: 35/38 MP: 5/5
  1984 | D:3      | Noticed a two-headed ogre
  2003 | D:3      | Slain by a two-headed ogre

Skill      XL: |  1  2  3  4 |
---------------+-------------+-----
Polearms       | 5 6 7 8 |  8.7
Fighting       | |  2.1
Throwing       | |  2.0
Dodging        | |  4.0

Action                   |  1- 3 |  4- 6 || total
-------------------------+-------+-------++-------
Melee: Trident           |    51 |       ||    51
       Spear             |    53 |   124 ||   177
Throw: Throwing net      |       |     1 ||     1
  Eat: Chunk             |     1 |     3 ||     4
Armor: Chain mail        |     4 |       ||     4
       Leather armour    |     3 |       ||     3
       Ring mail         |     9 |    30 ||    39
Dodge: Dodged            |    39 |    47 ||    86
